 Dungeon Crawl Stone Soup version 0.31.0-1-g2c135a0 (webtiles) character file.

Game seed: 5313661096552583198

24815 mezmerelda the Unseen (level 12, -6/65 HPs)
             Began as a Spriggan Enchanter on Jan 23, 2024.
             Was an Elder of Makhleb.
             Mangled by a sphinx (11 damage)
             ... summoned by Kirke
             ... on level 13 of the Dungeon on Jan 25, 2024.
             The game lasted 01:53:42 (18840 turns).

mezmerelda the Unseen (Spriggan Enchanter)         Turns: 18840, Time: 01:53:42

Health: -6/65      AC:  0    Str:  6    XL:     12   Next: 84%
Magic:  19/27      EV: 16    Int: 16    God:    Makhleb [****..]
Gold:   1150       SH:  0    Dex: 19    Spells: 20/31 levels left

rFire   . . .        a - melded +1 dagger (freeze)
rCold   . . .        (shield currently unavailable)
rNeg    . . .        b - melded +0 robe
rPois   .            g - melded +2 hat
rElec   .            J - melded +0 cloak
rCorr   .            (gloves unavailable)
SInv    +            (boots unavailable)
Will    ++...        (no amulet)
Stlth   ++++++       e - melded +6 ring of strength
HPRegen 0.30/turn    o - melded ring of resist corrosion
MPRegen 0.20/turn

%: no passive effects
@: pig-form, very quick
A: fast, no casting, small, no large weapons, unfitting armour, see invisible,
(speed 3)
a: Renounce Religion, Minor Destruction, Lesser Servant of Makhleb, Major
Destruction


You were on level 13 of the Dungeon.
You worshipped Makhleb.
Makhleb was greatly pleased with you.
You were a filthy swine.
You visited 3 branches of the dungeon, and saw 16 of its levels.
You also visited: Ossuary and Bailey.

You collected 1332 gold pieces.
You spent 182 gold pieces at shops.

Inventory:

Hand Weapons
 a - a +1 dagger of freezing (melded)
Armour
 b - a +0 robe (melded)
 g - a +2 hat (melded)
 i - the +2 robe of the Flute {Str+4 Slay-5}
   (You found it on level 6 of the Dungeon)

   Str+4:     It affects your strength (+4).
   Slay-5:    It affects your accuracy & damage with ranged weapons and melee
   (-5).
 J - a +0 cloak (melded)
Jewellery
 e - a +6 ring of strength (melded)
 o - a ring of resist corrosion (melded)
 L - a ring of flight
 O - a +6 ring of strength
Wands
 m - a wand of roots (8)
 n - a wand of charming (17)
 q - a wand of light (13)
 G - a wand of mindburst (7)
Scrolls
 d - 2 scrolls of amnesia
 h - 5 scrolls of teleportation
 j - 2 scrolls of torment {unknown}
 k - a scroll of blinking {unknown}
 r - 2 scrolls of vulnerability
 s - 5 scrolls of noise {unknown}
 y - 2 scrolls of enchant armour {unknown}
 B - a scroll of fog {unknown}
 E - a scroll of silence {unknown}
 F - 2 scrolls of fear {unknown}
 I - 3 scrolls of poison {unknown}
 M - a scroll of enchant weapon {unknown}
 P - a scroll of immolation {unknown}
Potions
 c - 5 potions of invisibility
 f - 3 potions of brilliance
 l - 4 potions of heal wounds
 p - a potion of cancellation
 t - 8 potions of curing
 u - 3 potions of might
 v - 5 potions of attraction
 w - 3 potions of resistance
 x - 2 potions of mutation
 z - a potion of magic
 A - a potion of haste
 D - 4 potions of enlightenment
 H - a potion of berserk rage
 N - a potion of lignification
Miscellaneous
 C - a phantom mirror
 K - a box of beasts


   Skills:
 + Level 8.2 Fighting
 - Level 10.0 Short Blades
 - Level 4.0 Dodging
 - Level 15.0 Stealth
 - Level 10.0 Spellcasting
 - Level 13.0 Hexes
 - Level 5.0 Invocations
 - Level 5.2 Evocations


You had 20 spell levels left.
You knew the following spells:

 Your Spells              Type           Power      Damage    Failure   Level
c - Confusing Touch       Hex            49%        N/A       1%          3
e - Ensorcelled Hibernat  Hex/Ice        56%        N/A       1%          2
f - Dazzling Flash        Conj/Hex       56%        N/A       1%          3
t - Tukima's Dance        Hex            49%        N/A       1%          3

Your spell library contained the following spells:

 Spells                   Type           Power      Damage    Failure   Level
 Inner Flame              Hex/Fire       28%        N/A       1%          3
 Freeze                   Ice            32%        1d5       9%          1
 Kiss of Death            Conj/Necr      32%        2d7       9%          1
 Sandblast                Erth           16%        2d6       9%          1
 Silence                  Hex/Air        14%        N/A       17%         5
 Yara's Violent Unravell  Hex/Alch       14%        3d7       17%         5
 Frozen Ramparts          Ice            16%        1d3       26%         3
 Hailstorm                Conj/Ice       8%         3d5       26%         3
 Passwall                 Erth           8%         N/A       26%         3
 Stone Arrow              Conj/Erth      16%        3d8       26%         3
 Animate Armour           Summ/Erth      16%        N/A       65%         4
 Brom's Barrelling Bould  Conj/Erth      8%         2d3       65%         4
 Dispel Undead            Necr           8%         3d8       65%         4
 Flame Wave               Conj/Fire      8%         2d5       65%         4
 Passage of Golubria      Tloc           8%         N/A       65%         4
 Sticky Flame             Fire/Alch      8%         2d4       65%         4
 Summon Lightning Spire   Summ/Air       8%         N/A       65%         4
 Lee's Rapid Deconstruct  Erth           4%         3d5*      94%         5
 Lehudib's Crystal Spear  Conj/Erth      4%         10d3      100%        8


Dungeon Overview and Level Annotations

Branches:
Dungeon (13/15)            Temple (1/1) D:6            Lair (0/5) D:9
    Orc (2/2) D:9         Ossuary (visited)          Bailey (visited)
    Elf: Orc:2       Vaults: D:13-14

Altars:
Ashenzari
Cheibriados
Dithmenos
Elyvilon
Fedhas
Gozag
Kikubaaqudgha
Makhleb
Nemelex Xobeh
Okawaru
Qazlal
Ru
Sif Muna
Trog
Uskayaw
Vehumet
Wu Jian
Xom
Yredelemnul
Zin
The Shining One

Shops:
D:8 *

Portals:
Abyss: D:5

Annotations:
D:3 3 runed translucent doors, Vixxxy's ghost, amateur DsHu; cpf86's ghost, amateur GrEE; ozjimbob's ghost, amateur AtFi
D:5 2 transporters, GnostlyHero's ghost, novice GnHs
D:7 2 transporters, skavnox's ghost, novice MiFi
D:8 2 transporters, strontium90w's ghost, journeyman OnHW
D:10 Fannar
D:13 Kirke
Orc:2 Donald


Innate Abilities, Weirdness & Mutations

You are a filthy swine.
You move quickly.
Your equipment is almost entirely melded.
You are incapable of wielding weapons or throwing items.
You cannot cast spells.
You are very small and have problems with some larger weapons.
You are too small for most types of armour.
You have supernaturally acute eyesight. (SInv)
((You cover ground extremely quickly. (Speed+++)))


Message History

You feel weaker.
You see here a hog corpse.
A demon appears!
Kirke gestures at you while chanting.
You easily resist.
You swap places.
Kirke hits your neqoxec!
Your neqoxec hits Kirke. Kirke hits your neqoxec.
Your neqoxec hits Kirke. Kirke casts a spell at you.
Your neqoxec resists with significant effort.
Your neqoxec hits Kirke! Kirke hits your neqoxec!
Your neqoxec hits Kirke! Kirke hits your neqoxec!
Your neqoxec closely misses Kirke.
Kirke hits your neqoxec but does no damage.
Your neqoxec barely misses Kirke.
Kirke completely misses your neqoxec.
Your neqoxec closely misses Kirke.
Kirke completely misses your neqoxec.
Your neqoxec hits Kirke! Kirke hits your neqoxec!
Your neqoxec dies!
Your neqoxec disappears in a puff of smoke!
Kirke shouts!
A demon appears!
Kirke casts a spell.
Nothing appears to happen.
Kirke points at you and mumbles some strange words.
You easily resist.
You see here a hog corpse.
Your neqoxec barely misses Kirke.
You see here a hog corpse.
You see here a hog corpse.
The sphinx hits you!
* * * LOW HITPOINT WARNING * * *
The sphinx hits you.
* * * LOW HITPOINT WARNING * * *
The sphinx hits you!
* * * LOW HITPOINT WARNING * * *
Things that are here:
a +2 leather armour of fire resistance; a +0 war axe Kirke whispers, "Not even holy moly will save you."
The sphinx attacks as it pursues you! The sphinx hits you!
You die...

#### ... ##.##
########...##
#.......<...###### #
#.####...........# .#
##.....##...## ...
#............#.#.#
#.##.#....h.......
#.##.#....H....#.#
#.##.#............
#.##.#............
#.###.#.#†#..[.....##..
#..$.###.†..@....:.....
###.#†###3#....####..
##†####.#.#....! .
#.##.#†#....###


You could see Kirke (ally target), a sphinx (summoned) and a friendly neqoxec
(summoned).

Vanquished Creatures
  Frances (D:13)
  Snorg (Orc:1)
  A centaur warrior (D:9)
  A boulder beetle (D:12)
  4 two-headed ogres
  An arcanist (D:11)
  An orc knight (Bailey)
  3 cyclopes
  2 manticores
  A meliai (D:9)
  2 ugly things (D:12)
  Maurice (D:9)
  3 komodo dragons (D:9)
  A troll (D:9)
  Grinder (D:6)
  A hornet (D:8)
  A shadow (D:11)
  3 slime creatures (D:12)
  2 wraiths (D:11)
  4 wyverns
  2 dancing weapons
  17 yaks
  6 hogs (D:13)
  15 vampire mosquitoes
  2 steam dragons
  An acid dragon (D:11)
  A swamp drake (D:9)
  10 orc warriors
  A sky beast (D:8)
  A black bear (D:5)
  2 ice beasts
  4 ogres
  A phantom (D:5)
  10 centaurs
  6 kobold brigands
  10 scorpions
  4 bullfrogs
  2 gnoll sergeants (D:9)
  7 wights
  6 howler monkeys
  A crimson imp (D:11)
  2 human zombies (Ossuary)
  2 centaur zombies (Ossuary)
  5 hounds
  7 orc priests
  A gnoll bouda (D:6)
  2 jellies
  3 iguanas
  2 sleepcaps
  Ijyb (D:3)
  5 orc wizards
  4 scorpion zombies (Ossuary)
  3 mummies (Ossuary)
  Robin (D:2)
  12 gnolls
  3 adders
  A shadow imp (D:6)
  2 white imps
  2 ufetubi (D:4)
  2 adder zombies (Ossuary)
  3 dart slugs
  3 ribbon worms (D:3)
  32 orcs
  10 bats
  9 endoplasms
  4 giant cockroaches
  17 goblins
  12 hobgoblins
  3 jackals (D:3)
  7 quokkas
  2 ball pythons
  3 ball python zombies (Ossuary)
  2 frilled lizards
  A gnoll zombie (Ossuary)
  A jackal zombie (Ossuary)
  26 kobolds
  2 orc zombies (Ossuary)
  3 rats
344 creatures vanquished.

Vanquished Creatures (collateral kills)
  4 orc warriors
  An ogre (D:9)
  4 centaurs
  A kobold brigand (D:9)
  A wight (D:6)
  An orc priest (Orc:1)
  3 orc wizards
  A gnoll (D:6)
  8 orcs
  A hobgoblin (Bailey)
  3 kobolds (Bailey)
28 creatures vanquished.

Vanquished Creatures (others)
  29 dancing weapons
29 creatures vanquished.

Grand Total: 401 creatures vanquished

Notes
Turn   | Place    | Note
-------+----------+-------------------------------------------
     0 | D:1      | mezmerelda the Spriggan Enchanter began the quest for the
                  | Orb.
     0 | D:1      | Reached XP level 1. HP: 9/9 MP: 5/5
   174 | D:1      | Found a faded altar of an unknown god.
   224 | D:1      | Reached XP level 2. HP: 13/13 MP: 6/6
   227 | D:1      | Learned a level 2 spell: Ensorcelled Hibernation
  1004 | D:2      | Reached XP level 3. HP: 16/16 MP: 8/8
  1125 | D:2      | Identified the +4 chain mail of Compression {Harm *Corrode
                  | Regen+ Int+2 Dex+2}
  1253 | D:2      | Noticed Robin
  1332 | D:2      | Killed Robin
  1381 | D:2      | Reached skill level 5 in Stealth
  1385 | D:2      | Learned a level 3 spell: Confusing Touch
  1389 | D:2      | Learned a level 3 spell: Tukima's Dance
  1483 | D:2      | Reached XP level 4. HP: 21/21 MP: 6/9
  2039 | D:3      | Noticed Ijyb
  2044 | D:3      | Killed Ijyb
  2197 | D:3      | Found a shimmering altar of Xom.
  2346 | D:3      | Reached skill level 6 in Stealth
  2554 | D:3      | Reached skill level 1 in Fighting
  2554 | D:3      | Reached XP level 5. HP: 25/25 MP: 3/10
  2728 | D:3      | Found an ancient bone altar of Kikubaaqudgha.
  2728 | D:3      | Found an opulent altar of Gozag.
  2729 | D:3      | Found a radiant altar of Vehumet.
  2742 | D:3      | Found a runed translucent gate.
  2743 | D:3      | Found a runed translucent gate.
  2744 | D:3      | Found a runed translucent gate.
  2745 | D:3      | Noticed Vixxxy's ghost (amateur DsHu)
  2745 | D:3      | Noticed ozjimbob's ghost (amateur AtFi)
  2746 | D:3      | Noticed cpf86's ghost (amateur GrEE)
  4087 | D:4      | Reached skill level 5 in Hexes
  4087 | D:4      | Reached XP level 6. HP: 30/30 MP: 11/11
  4101 | D:5      | Entered Level 5 of the Dungeon
  4278 | D:5      | Reached skill level 7 in Stealth
  4323 | D:6      | Reached skill level 8 in Stealth
  4323 | D:6      | Reached XP level 7. HP: 35/35 MP: 12/12
  4424 | D:6      | Found a sand-covered staircase.
  4430 | Ossuary  | Entered an ossuary
  4515 | Ossuary  | Reached skill level 9 in Stealth
  4681 | Ossuary  | Reached skill level 10 in Stealth
  5063 | Ossuary  | Reached skill level 5 in Short Blades
  5063 | Ossuary  | Reached XP level 8. HP: 39/39 MP: 12/14
  5238 | Ossuary  | Reached skill level 5 in Spellcasting
  5859 | D:5      | Found a transporter.
  5920 | D:5      | Noticed GnostlyHero's ghost (novice GnHs)
  5924 | D:5      | Found a transporter.
  5930 | D:5      | Found a one-way gate to the infinite horrors of the Abyss.
  5987 | D:5      | Noticed a toenail golem
  6059 | D:5      | Found an ornate altar of the Wu Jian Council.
  6802 | D:6      | Learned a level 3 spell: Dazzling Flash
  6908 | D:6      | Found a staircase to the Ecumenical Temple.
  6913 | Temple   | Entered the Ecumenical Temple
  7039 | Temple   | Became a worshipper of Makhleb the Destroyer
  7214 | D:6      | Noticed Grinder
  7440 | D:6      | Reached XP level 9. HP: 42/42 MP: 12/19
  7916 | D:6      | Reached skill level 10 in Hexes
  7966 | D:6      | Killed Grinder
  8075 | D:6      | Identified the +2 robe of the Flute {Str+4 Slay-5}
  8078 | D:6      | Found a shadowy altar of Dithmenos.
  8108 | D:6      | Reached * piety under Makhleb
  8185 | D:6      | Found a stormy altar of Qazlal.
  8301 | D:7      | Found a transporter.
  8301 | D:7      | Noticed skavnox's ghost (novice MiFi)
  8327 | D:7      | Found a transporter.
  9612 | D:8      | Found a transporter.
  9616 | D:8      | Noticed a two-headed ogre
  9623 | D:8      | Noticed strontium90w's ghost (journeyman OnHW)
  9667 | D:8      | Found a transporter.
  9934 | D:8      | Found Ataututh's Alliterative Accessories.
  9941 | D:8      | Reached skill level 5 in Fighting
  9951 | D:8      | Bought a potion of haste for 130 gold pieces
  9951 | D:8      | Bought a scroll of amnesia for 52 gold pieces
 10093 | D:9      | Found a blossoming altar of Fedhas.
 10407 | D:8      | Reached XP level 10. HP: 51/51 MP: 19/23
 10452 | D:8      | Reached skill level 11 in Stealth
 10630 | D:9      | Noticed a two-headed ogre
 10632 | D:9      | Noticed a meliai
 10634 | D:9      | Noticed a centaur warrior
 11087 | D:9      | Reached skill level 12 in Stealth
 11449 | D:9      | Reached skill level 13 in Stealth
 11510 | D:9      | Found a staircase to the Lair.
 11630 | D:9      | Found a staircase to the Orcish Mines.
 11633 | D:9      | Reached skill level 14 in Stealth
 11677 | D:9      | Reached ** piety under Makhleb
 11704 | D:10     | Entered Level 10 of the Dungeon
 11994 | D:10     | Noticed Fannar
 12023 | D:11     | Noticed an arcanist
 12275 | D:10     | Found a flagged portal.
 12286 | Bailey   | Entered a bailey
 12403 | Bailey   | Reached skill level 15 in Stealth
 12672 | Bailey   | Noticed an orc knight
 12718 | Bailey   | Killed an orc knight
 13234 | D:10     | Reached skill level 1 in Evocations
 13565 | D:10     | Reached XP level 11. HP: 56/56 MP: 18/24
 14091 | D:10     | Reached *** piety under Makhleb
 14223 | D:10     | Found a shimmering blue altar of Sif Muna.
 14488 | D:9      | Reached skill level 5 in Evocations
 14680 | D:9      | Reached skill level 1 in Invocations
 14766 | D:9      | Killed a centaur warrior
 14903 | D:9      | Noticed Maurice
 14910 | D:9      | Killed Maurice
 14963 | D:9      | Killed a two-headed ogre
 15380 | D:9      | Found a bloodstained altar of Trog.
 15612 | Orc:1    | Entered Level 1 of the Orcish Mines
 15612 | Orc:1    | Noticed Snorg
 15616 | Orc:1    | Killed Snorg
 15622 | Orc:1    | Reached skill level 10 in Short Blades
 15622 | Orc:1    | Reached skill level 5 in Invocations
 15662 | Orc:2    | Entered Level 2 of the Orcish Mines
 15662 | Orc:2    | Identified the +3 kite shield of the Apothecary {Int+3}
 15662 | Orc:2    | Noticed Donald
 15663 | Orc:2    | Noticed an orc warlord
 15907 | D:11     | Noticed a two-headed ogre
 15908 | D:11     | Killed a two-headed ogre
 16003 | D:11     | Noticed a two-headed ogre
 16299 | D:11     | Reached XP level 12. HP: 21/61 MP: 15/25
 16430 | D:11     | Killed a two-headed ogre
 16474 | D:11     | Noticed a two-headed ogre
 16480 | D:11     | Killed a two-headed ogre
 16515 | D:11     | Reached **** piety under Makhleb
 16886 | D:12     | Reached skill level 10 in Spellcasting
 16992 | D:12     | Noticed a boulder beetle
 16994 | D:12     | Killed a boulder beetle
 18598 | D:13     | Noticed Frances
 18609 | D:13     | Killed Frances
 18612 | D:13     | Noticed Kirke
 18833 | D:13     | Noticed a sphinx
 18840 | D:13     | Mangled by a sphinx

Illustrated notes

Levels and vault maps discovered:
D:1:      saegor_arrival_simple_c, layout_basic, shapermc_ecumenical_altar_gd
D:2:      layout_loops_corners, uniq_robin
D:3:      layout_loops_ring, chequers_temple_overflow_statue_of_worship,
          mainiacjoe_overflow_six_doors_small, gammafunk_ghost_cemetery,
          palyth_stone_intersect, minmay_misc_feat_tower, chequers_avenue,
          minmay_fractal_squares_diagonal_5, uniq_ijyb
D:4:      layout_loops_corners, serial_glass, glass_columns_c, glass_columns_a,
          minmay_liquid_box, hellmonk_no_cap
D:5:      layout_basic, overflow_temple_1_default, overflow_temple_1_default,
          gammafunk_ghost_abyssal_escape
D:6:      layout_loops_cross, mainiacjoe_overflow_swirl, temple_statues,
          enter_ossuary_5, uniq_grinder
D:7:      layout_basic, gammafunk_ghost_arena
D:8:      layout_rooms, gammafunk_ghost_arena, nicolae_alphabet_shops
D:9:      layout_stronghold, trog_antimagical, fedhas_bush_and_centaur_altar,
          erik_lair_dragon, kennysheep_orc_monster_closet_entryway,
          serial_column_ruins, column_ruins_hut_ruined, column_ruins_hut,
          column_ruins_open_small, column_ruins_grid_3, column_ruins_grid_1,
          column_ruins_open_tiny, column_ruins_corridor_corner,
          corexii_corridor_pit, minmay_mirror_moons_of_madness, uniq_maurice
D:10:     layout_loops_cross, lemuel_coloured_pillars_altar, enter_bailey_3,
          minmay_between, uniq_fannar
D:11:     layout_loops_ring, lightli_wizard_tower
D:12:     layout_basic, pond
D:13:     layout_loops_ring, ploomutoo_gammafunk_ghost_potion_laboratory,
          uniq_kirke, uniq_frances
Temple:   grunt_temple_mini_profane
Orc:1:    layout_diamond_mine, monkooky_shop_alliterative, uniq_snorg
Orc:2:    st_orc_open, layout_diamond_mine, nicolae_orc_rich_vein, uniq_azrael,
          uniq_donald

Skill      XL: |  1  2  3  4  5  6  7  8  9 10 11 12 |
---------------+-------------------------------------+-----
Short Blades   | 2 3 5 7 10 | 10.0
Dodging        | 3 4 |  4.0
Spellcasting   | 3 6 8 10 | 10.0
Hexes          | 4 5 6 9 10 13 | 13.0
Stealth        | 5 6 8 10 15 | 15.0
Fighting       | 1 2 5 6 8 |  8.2
Evocations     | 2 5 |  5.2
Invocations    | 5 |  5.0

Action                     |  1- 3 |  4- 6 |  7- 9 | 10-12 || total
---------------------------+-------+-------+-------+-------++-------
  Melee: Dagger            |   134 |   260 |   677 |   686 ||  1757
         Punch             |     1 |     1 |     9 |    12 ||    23
  Throw: Throwing net      |       |       |       |     1 ||     1
   Cast: Ensorcelled Hiber |     7 |     3 |    23 |    43 ||    76
         Tukima's Dance    |       |     2 |    16 |    80 ||    98
         Confusing Touch   |       |     5 |    48 |    88 ||   141
         Dazzling Flash    |       |       |     1 |       ||     1
 Invoke: Lesser Servant of |       |       |       |     2 ||     2
         Minor Destruction |       |       |       |     1 ||     1
  Evoke: Phantom mirror    |       |       |       |     1 ||     1
    Use: Potion            |       |       |     1 |     2 ||     3
         Scroll            |       |       |    10 |     5 ||    15
   Stab: Sleeping          |    13 |    17 |    26 |    40 ||    96
         Confused          |       |     7 |    43 |    80 ||   130
         Distracted        |       |       |     1 |       ||     1
         Invisible         |       |       |     1 |       ||     1
 Armour: Robe              |    37 |    41 |   145 |   217 ||   440
         Skin              |       |       |       |     4 ||     4
  Dodge: Dodged            |    78 |   149 |   309 |   488 ||  1024
